[ AOE2 MATCH · #471225073 ]
1v1 RMLithuanians vs Ethiopians
[ REPLAY ANALYSIS · EXTRACTED FROM THE RECORDED GAME ]
Feudal
9:21
Castle
22:56
Imperial
—
| APM avg | 60.1 |
| APM peak | 91 |
| eAPM avg | 26.9 |
| Villagers / military | 76 / 72 |
Focus
⚔️ 29.7% · 🌾 70.3%
Knight ×51 · Scorpion ×6 · Scout Cavalry ×6 · Spearman ×4 · Monk ×2 · Mangonel ×2
Feudal
9:17
Castle
21:48
Imperial
—
| APM avg | 43.3 |
| APM peak | 102 |
| eAPM avg | 16.6 |
| Villagers / military | 78 / 95 |
Focus
⚔️ 37.1% · 🌾 62.9%
Archer ×47 · Spearman ×37 · Scout Cavalry ×5 · Monk ×3 · Battering Ram ×3
Match map
Resources at game start + every placement click. Thick line = wall · dashed box = detected house wall. 🟡 gold · ⚪ stone · 🟢 berries · 🔶 boar · ⭕ relic
Inputs per minute
— Lith_KING - - marcos3896
Build order — Lith_KING
First 150 of 250 actions detected
| 0:03 | Build | House |
| 0:05 | Build | House |
| 0:06 | Create | Villager (Male) |
| 0:27 | Create | Villager (Male) |
| 0:27 | Create | Villager (Male) |
| 0:27 | Create | Villager (Male) |
| 0:27 | Create | Villager (Male) |
| 0:29 | Create | Villager (Male) |
| 0:29 | Create | Villager (Male) |
| 1:48 | Create | Villager (Male) |
| 1:49 | Create | Villager (Male) |
| 1:54 | Build | Lumber Camp |
| 2:00 | Build | Lumber Camp |
| 2:05 | Build | Lumber Camp |
| 2:06 | Create | Villager (Male) |
| 2:06 | Create | Villager (Male) |
| 2:06 | Create | Villager (Male) |
| 2:23 | Create | Villager (Male) |
| 2:23 | Create | Villager (Male) |
| 3:08 | Create | Villager (Male) |
| 3:08 | Create | Villager (Male) |
| 3:32 | Create | Villager (Male) |
| 3:32 | Create | Villager (Male) |
| 3:35 | Build | House |
| 3:37 | Build | House |
| 4:37 | Create | Villager (Male) |
| 4:37 | Create | Villager (Male) |
| 4:37 | Create | Villager (Male) |
| 4:42 | Build | Mill |
| 4:51 | Create | Villager (Male) |
| 4:51 | Create | Villager (Male) |
| 4:52 | Create | Villager (Male) |
| 5:26 | Create | Villager (Male) |
| 5:26 | Create | Villager (Male) |
| 5:41 | Research | Loom |
| 6:42 | Create | Villager (Male) |
| 7:08 | Research | Feudal Age |
| 7:09 | Research | Feudal Age |
| 7:27 | Build | Barracks |
| 7:35 | Build | Barracks |
| 8:15 | Create | Villager (Male) |
| 8:34 | Build | House |
| 9:21 | Age | Feudal Age |
| 9:23 | Build | Stable |
| 9:30 | Research | Double-Bit Axe |
| 9:30 | Research | Double-Bit Axe |
| 9:37 | Create | Villager (Male) |
| 10:03 | Create | Spearman |
| 10:05 | Create | Scout Cavalry |
| 10:09 | Create | Scout Cavalry |
| 10:09 | Create | Scout Cavalry |
| 10:14 | Create | Villager (Male) |
| 10:14 | Create | Villager (Male) |
| 10:14 | Create | Villager (Male) |
| 10:25 | Build | Lumber Camp |
| 10:35 | Create | Spearman |
| 10:43 | Create | Villager (Male) |
| 11:10 | Build | Mill |
| 11:15 | Create | Villager (Male) |
| 11:27 | Create | Scout Cavalry |
| 11:40 | Build | House |
| 11:42 | Build | House |
| 11:56 | Create | Villager (Male) |
| 12:02 | Build | House |
| 12:25 | Create | Scout Cavalry |
| 12:44 | Build | House |
| 12:45 | Build | House |
| 12:45 | Build | House |
| 12:45 | Build | House |
| 12:48 | Build | Mining Camp |
| 12:50 | Create | Villager (Male) |
| 12:50 | Create | Villager (Male) |
| 12:56 | Create | Villager (Male) |
| 13:02 | Build | Farm |
| 13:14 | Build | Blacksmith |
| 13:42 | Create | Villager (Male) |
| 13:49 | Build | Farm |
| 13:50 | Build | Farm |
| 14:00 | Create | Spearman |
| 14:30 | Create | Villager (Male) |
| 14:44 | Build | Farm |
| 14:47 | Build | Farm |
| 14:48 | Create | Villager (Male) |
| 15:27 | Create | Villager (Male) |
| 15:27 | Create | Villager (Male) |
| 15:35 | Build | Farm |
| 15:38 | Build | Farm |
| 15:40 | Build | Farm |
| 15:57 | Create | Villager (Male) |
| 15:57 | Create | Villager (Male) |
| 16:00 | Build | Farm |
| 16:31 | Create | Villager (Male) |
| 16:40 | Build | Farm |
| 16:55 | Create | Villager (Male) |
| 17:19 | Build | Farm |
| 17:32 | Create | Spearman |
| 17:38 | Build | Farm |
| 17:55 | Create | Villager (Male) |
| 18:07 | Build | Palisade Wall |
| 18:10 | Build | Palisade Wall |
| 18:18 | Build | Lumber Camp |
| 18:21 | Build | Farm |
| 18:30 | Create | Villager (Male) |
| 18:30 | Create | Villager (Male) |
| 18:34 | Build | Farm |
| 18:56 | Create | Villager (Male) |
| 18:59 | Build | Palisade Wall |
| 19:00 | Build | Palisade Wall |
| 19:02 | Build | Palisade Wall |
| 19:03 | Build | Palisade Wall |
| 19:10 | Build | Palisade Wall |
| 19:15 | Build | Farm |
| 19:20 | Build | Farm |
| 19:23 | Create | Villager (Male) |
| 20:16 | Research | Castle Age |
| 20:16 | Research | Castle Age |
| 20:16 | Research | Castle Age |
| 20:23 | Build | Stable |
| 20:27 | Build | Stable |
| 20:50 | Research | Forging |
| 21:15 | Research | Scale Barding Armor |
| 21:20 | Research | Bloodlines |
| 22:04 | Research | Scale Barding Armor |
| 22:56 | Age | Castle Age |
| 23:02 | Build | Monastery |
| 23:06 | Create | Knight |
| 23:06 | Create | Knight |
| 23:06 | Research | Husbandry |
| 23:32 | Create | Monk |
| 23:32 | Create | Monk |
| 23:33 | Build | Farm |
| 23:44 | Create | Knight |
| 23:44 | Create | Knight |
| 23:44 | Create | Knight |
| 23:44 | Create | Knight |
| 23:56 | Create | Knight |
| 23:56 | Create | Knight |
| 23:57 | Create | Knight |
| 24:01 | Build | House |
| 24:03 | Build | House |
| 24:04 | Build | House |
| 24:04 | Build | House |
| 24:04 | Build | House |
| 24:04 | Build | House |
| 24:05 | Build | House |
| 24:15 | Create | Villager (Male) |
| 24:15 | Create | Villager (Male) |
| 24:41 | Research | Wheelbarrow |
| 24:46 | Create | Knight |
| 24:46 | Create | Knight |
Build order — marcos3896
First 150 of 270 actions detected
| 0:02 | Create | Villager (Male) ×4 |
| 0:02 | Create | Villager (Male) ×4 |
| 0:03 | Build | House |
| 0:04 | Build | House |
| 1:41 | Create | Villager (Male) |
| 1:41 | Create | Villager (Male) |
| 1:49 | Build | Lumber Camp |
| 2:02 | Create | Villager (Male) |
| 2:02 | Create | Villager (Male) |
| 2:16 | Create | Villager (Male) |
| 2:16 | Create | Villager (Male) |
| 2:50 | Create | Villager (Male) |
| 2:50 | Create | Villager (Male) |
| 3:11 | Create | Villager (Male) |
| 3:11 | Create | Villager (Male) |
| 3:35 | Create | Villager (Male) |
| 3:36 | Create | Villager (Male) |
| 3:43 | Build | House |
| 3:45 | Build | House |
| 4:02 | Create | Villager (Male) |
| 4:02 | Create | Villager (Male) |
| 4:02 | Create | Villager (Male) |
| 4:34 | Build | Mill |
| 4:50 | Create | Villager (Male) |
| 5:10 | Create | Villager (Male) |
| 5:11 | Create | Villager (Male) |
| 5:31 | Create | Villager (Male) |
| 6:07 | Research | Loom |
| 6:10 | Create | Villager (Male) |
| 6:10 | Research | Loom |
| 7:03 | Research | Feudal Age |
| 7:56 | Build | Barracks |
| 9:17 | Age | Feudal Age |
| 9:19 | Research | Double-Bit Axe |
| 9:23 | Build | Stable |
| 9:32 | Create | Villager (Male) |
| 9:32 | Create | Villager (Male) |
| 9:42 | Build | Blacksmith |
| 9:44 | Build | Palisade Wall |
| 10:11 | Create | Scout Cavalry |
| 10:12 | Create | Scout Cavalry |
| 10:20 | Build | Mill |
| 10:25 | Build | House |
| 10:26 | Create | Villager (Male) |
| 10:26 | Create | Villager (Male) |
| 10:31 | Create | Scout Cavalry |
| 10:35 | Research | Fletching |
| 10:35 | Research | Fletching |
| 10:43 | Research | Forging |
| 11:10 | Build | Farm |
| 11:11 | Build | Farm |
| 11:12 | Build | Farm |
| 11:15 | Create | Villager (Male) |
| 11:16 | Create | Villager (Male) |
| 11:24 | Build | Palisade Wall |
| 11:25 | Build | Palisade Wall |
| 11:25 | Build | Palisade Wall |
| 11:30 | Build | Palisade Wall |
| 11:32 | Build | Palisade Wall |
| 11:36 | Create | Villager (Male) |
| 11:39 | Build | Palisade Wall |
| 11:46 | Build | Building 796 |
| 11:52 | Create | Villager (Male) |
| 11:56 | Build | Farm |
| 11:56 | Build | Farm |
| 12:00 | Build | House |
| 12:03 | Build | House |
| 12:16 | Build | House |
| 12:35 | Create | Villager (Male) |
| 12:38 | Build | House |
| 12:45 | Create | Villager (Male) |
| 12:50 | Build | House |
| 13:03 | Create | Villager (Male) |
| 13:06 | Build | Farm |
| 13:07 | Build | Farm |
| 13:07 | Build | Farm |
| 13:07 | Build | Farm |
| 13:07 | Build | Farm |
| 13:43 | Build | Farm |
| 13:43 | Build | Farm |
| 13:46 | Create | Spearman |
| 13:46 | Create | Spearman |
| 13:50 | Create | Villager (Male) |
| 13:51 | Create | Villager (Male) |
| 13:58 | Build | Building 800 |
| 14:06 | Create | Villager (Male) |
| 14:42 | Create | Villager (Male) |
| 14:46 | Build | Mining Camp |
| 14:52 | Build | House |
| 15:02 | Create | Villager (Male) |
| 15:06 | Create | Scout Cavalry |
| 15:06 | Create | Scout Cavalry |
| 15:13 | Build | House |
| 15:15 | Build | Palisade Wall |
| 15:29 | Create | Spearman |
| 15:29 | Create | Spearman |
| 15:36 | Build | Palisade Wall |
| 15:43 | Create | Villager (Male) |
| 16:03 | Build | Palisade Wall |
| 16:20 | Create | Spearman |
| 16:21 | Create | Villager (Male) |
| 16:29 | Create | Spearman |
| 16:51 | Build | House |
| 16:55 | Create | Villager (Male) |
| 16:55 | Create | Villager (Male) |
| 17:02 | Build | Palisade Wall |
| 17:05 | Build | Palisade Wall |
| 17:23 | Create | Villager (Male) |
| 17:48 | Build | House |
| 17:49 | Build | Palisade Wall |
| 18:01 | Create | Villager (Male) |
| 18:08 | Build | Market |
| 18:43 | Create | Villager (Male) |
| 19:03 | Research | Castle Age |
| 19:18 | Build | Palisade Wall |
| 19:29 | Build | Palisade Wall |
| 19:42 | Research | Scale Barding Armor |
| 19:50 | Research | Fletching |
| 19:54 | Build | Archery Range |
| 20:17 | Build | Archery Range |
| 20:30 | Build | Lumber Camp |
| 20:30 | Research | Padded Archer Armor |
| 20:54 | Build | Palisade Wall |
| 21:03 | Create | Archer |
| 21:03 | Create | Archer |
| 21:07 | Create | Villager (Male) |
| 21:10 | Create | Archer |
| 21:31 | Build | Archery Range |
| 21:48 | Age | Castle Age |
| 21:50 | Research | Crossbowman (upgrade) |
| 21:51 | Research | Bodkin Arrow |
| 21:54 | Research | Bow Saw |
| 21:57 | Create | Archer |
| 21:57 | Create | Archer |
| 22:07 | Create | Villager (Male) |
| 22:17 | Create | Archer |
| 22:24 | Build | House |
| 22:40 | Create | Villager (Male) |
| 22:40 | Create | Villager (Male) |
| 22:49 | Build | House |
| 22:56 | Create | Spearman |
| 22:58 | Create | Archer |
| 22:59 | Create | Archer |
| 23:12 | Build | Monastery |
| 23:18 | Build | Monastery |
| 23:29 | Create | Villager (Male) |
| 23:33 | Create | Archer |
| 23:34 | Create | Archer |
| 23:38 | Build | House |
| 23:38 | Build | House |
Match timeline
| 7:27 | Lith_KING · first_building Barracks |
| 7:56 | marcos3896 · first_building Barracks |
| 9:17 | marcos3896 · age_up feudal |
| 9:21 | Lith_KING · age_up feudal |
| 9:23 | Lith_KING · first_building Stable |
| 9:23 | marcos3896 · first_building Stable |
| 9:44 | marcos3896 · wall_segment Palisade Wall x1 |
| 11:24 | marcos3896 · wall_segment Palisade Wall x1 |
| 11:25 | marcos3896 · wall_segment Palisade Wall x1 |
| 11:25 | marcos3896 · wall_segment Palisade Wall x1 |
| 11:30 | marcos3896 · wall_segment Palisade Wall x1 |
| 11:32 | marcos3896 · wall_segment Palisade Wall x1 |
| 11:39 | marcos3896 · wall_segment Palisade Wall x1 |
| 15:15 | marcos3896 · wall_segment Palisade Wall x1 |
| 15:36 | marcos3896 · wall_segment Palisade Wall x1 |
| 16:03 | marcos3896 · wall_segment Palisade Wall x1 |
| 17:02 | marcos3896 · wall_segment Palisade Wall x1 |
| 17:05 | marcos3896 · wall_segment Palisade Wall x1 |
| 17:49 | marcos3896 · wall_segment Palisade Wall x3 |
| 18:07 | Lith_KING · wall_segment Palisade Wall x6 |
| 18:10 | Lith_KING · wall_segment Palisade Wall x1 |
| 18:59 | Lith_KING · wall_segment Palisade Wall x1 |
| 19:00 | Lith_KING · wall_segment Palisade Wall x1 |
| 19:01 | marcos3896 · first_market_buy 100 food |
| 19:02 | Lith_KING · wall_segment Palisade Wall x1 |
| 19:03 | Lith_KING · wall_segment Palisade Wall x2 |
| 19:10 | Lith_KING · wall_segment Palisade Wall x1 |
| 19:18 | marcos3896 · wall_segment Palisade Wall x1 |
| 19:29 | marcos3896 · wall_segment Palisade Wall x1 |
| 19:54 | marcos3896 · first_building Archery Range |
| 20:54 | marcos3896 · wall_segment Palisade Wall x13 |
| 21:48 | marcos3896 · age_up castle |
| 22:56 | Lith_KING · age_up castle |
| 23:02 | Lith_KING · first_building Monastery |
| 23:12 | marcos3896 · first_building Monastery |
| 32:03 | Lith_KING · first_building Siege Workshop |
| 32:44 | marcos3896 · first_building Siege Workshop |
| 36:20 | Lith_KING · resign |
[ AI ANALYSIS · 1 CREDIT ]
What really happened in this match?
Wolo.gg analyzes every decision: build order, eco, micro, common mistakes by bracket. Personalized analysis on WhatsApp or Discord in 30 seconds.
Civ guide
Lithuanians
Map guide
Arabia
Perfil
Jugador #2295921